[Event "Shanghai COITCT 2019"]
[Site "Shanghai"]
[Date "2019.09.15"]
[Round "1.1"]
[White "Kovalev, Vladislav"]
[Black "Karimov, Alisher"]
[Result "1-0"]
[ECO "C67"]
[WhiteElo "2661"]
[BlackElo "2251"]
[Annotator "ChessBase"]
[PlyCount "135"]
[EventDate "2019.09.15"]
[EventType "team-tourn"]
[EventCountry "CHN"]
[SourceTitle "playchess.com"]
[Source "ChessBase"]
[SourceQuality "1"]
[TimeControl "1500+10"]

1. e4 e5 2. Nf3 Nc6 3. Bb5 Nf6 4. O-O Nxe4 5. Re1 Nd6 6. Nxe5 Be7 7. Bf1 Nxe5 8. Rxe5 O-O 9. d4 Bf6 10. Re1 Re8 11. c3 Rxe1 12. Qxe1 Qe8 13. Qxe8+ Nxe8 14. a4 d5 15. a5 a6 16. Bf4 Be7 17. Nd2 Bd6 18. Bxd6 Nxd6 19. Nb3 Bd7 20. Be2 Re8 21. Bf3 Bc6 22. Nd2 Kf8 23. g3 Re7 24. h4 g6 25. h5 Kg7 26. Kg2 g5 27. Nf1 Nf5 28. Kg1 Kf6 29. Rc1 Re8 30. b3 Ke7 31. Be2 Bb5 32. Bg4 Nh6 33. Bf3 Bxf1 34. Kxf1 Kd6 35. c4 dxc4 36. bxc4 c6 37. Rb1 Re7 38. c5+ Kc7 39. d5 cxd5 40. Bxd5 Kc8 41. Rb6 Ng4 42. c6 bxc6 43. Rxc6+ Rc7 44. Rxa6 Rc2 45. Rc6+ Rxc6 46. Bxc6 Nf6 47. Bf3 h6 48. Be2 Kb7 49. Bc4 Ka7 50. Kg2 Ng4 51. Be2 Ne5 52. Bb5 f5 53. f4 gxf4 54. gxf4 Nf7 55. Kf3 Nd6 56. Bd3 Nb7 57. a6 Nc5 58. Be2 Kb6 59. Ke3 Ne6 60. Bc4 Nc5 61. Kd4 Nd7 62. Be2 Kc6 63. Bd3 Nf6 64. Bb5+ Kb6 65. Be2 Nd7 66. Kd5 Nc5 67. a7 Na6 68. Bxa6 1-0

[Event "Shanghai COITCT 2019"]
[Site "Shanghai"]
[Date "2019.09.15"]
[Round "1.2"]
[White "Kabilov, Amin"]
[Black "Zhigalko, Sergei"]
[Result "1/2-1/2"]
[ECO "E12"]
[WhiteElo "2199"]
[BlackElo "2574"]
[Annotator "ChessBase"]
[PlyCount "67"]
[EventDate "2019.09.15"]
[EventType "team-tourn"]
[EventCountry "CHN"]
[SourceTitle "playchess.com"]
[Source "ChessBase"]
[SourceQuality "1"]
[TimeControl "1500+10"]

1. d4 Nf6 2. Nf3 e6 3. c4 b6 4. a3 Ba6 5. e3 d5 6. Nbd2 Be7 7. b4 O-O 8. Be2 c5 9. dxc5 bxc5 10. b5 Bb7 11. O-O Nbd7 12. Bb2 Qc7 13. Qc2 Rfd8 14. Rfd1 Rac8 15. Bc3 Bd6 16. h3 h6 17. a4 Qb8 18. Qb2 Ne8 19. a5 Ba8 20. Rab1 Nef6 21. Qa1 Re8 22. Qb2 Bb7 23. Qa1 Qc7 24. Rbc1 Qb8 25. Rb1 Qc7 26. Bf1 Rcd8 27. Be2 Qb8 28. Qb2 Qc7 29. Qa1 Rb8 30. Rb3 Rbc8 31. Rbb1 Qb8 32. Qb2 Red8 33. Qa1 Ne8 34. Qb2 1/2-1/2

[Event "Shanghai COITCT 2019"]
[Site "Shanghai"]
[Date "2019.09.15"]
[Round "1.3"]
[White "Zarubitski, Viachaslau"]
[Black "Antonova, Nadezhda"]
[Result "1-0"]
[ECO "B51"]
[WhiteElo "2435"]
[BlackElo "1930"]
[Annotator "ChessBase"]
[PlyCount "93"]
[EventDate "2019.09.15"]
[EventType "team-tourn"]
[EventCountry "CHN"]
[SourceTitle "playchess.com"]
[Source "ChessBase"]
[SourceQuality "1"]
[TimeControl "1500+10"]

1. e4 c5 2. Nc3 Nc6 3. Bb5 d6 4. Nf3 Bd7 5. O-O e6 6. d4 cxd4 7. Nxd4 Be7 8. Be3 Nf6 9. Nxc6 bxc6 10. Be2 Qb8 11. b3 d5 12. Qd3 O-O 13. f4 Rd8 14. e5 Ne8 15. Na4 Qb5 16. Qd2 Qb4 17. c3 Qa5 18. Qd4 Nc7 19. Nc5 Nb5 20. Bxb5 Bxc5 21. Qxc5 Qxb5 22. Qe7 Qb7 23. Rf3 Re8 24. Qh4 Bc8 25. Rg3 Qe7 26. Qh6 Qf8 27. b4 Kh8 28. Qh5 Ba6 29. Bc5 Qg8 30. Re1 Bc4 31. Bd4 a5 32. f5 axb4 33. cxb4 Rxa2 34. f6 g6 35. Qg5 Rea8 36. Rh3 Re2 37. Rxe2 Bxe2 38. Qh6 Bc4 39. g4 Be2 40. Qg5 Qf8 41. Qh4 Qg8 42. Re3 Bc4 43. Bc5 Ra1+ 44. Kg2 Qa8 45. Qh6 Qg8 46. Bf8 Ra2+ 47. Kg3 1-0

[Event "Shanghai COITCT 2019"]
[Site "Shanghai"]
[Date "2019.09.15"]
[Round "1.4"]
[White "Idani, Pouya"]
[Black "Orozbaev, Eldiar"]
[Result "1-0"]
[ECO "C02"]
[WhiteElo "2586"]
[BlackElo "1908"]
[Annotator "ChessBase"]
[PlyCount "69"]
[EventDate "2019.09.15"]
[EventType "team-tourn"]
[EventCountry "CHN"]
[SourceTitle "playchess.com"]
[Source "ChessBase"]
[SourceQuality "1"]
[TimeControl "1500+10"]

1. e4 e6 2. d4 d5 3. e5 c5 4. c3 Nc6 5. Nf3 Qb6 6. a3 f6 7. Bd3 fxe5 8. Nxe5 Nxe5 9. dxe5 g6 10. h4 c4 11. Bc2 Bg7 12. Qe2 Ne7 13. h5 Qc7 14. f4 Nf5 15. Rh3 gxh5 16. Qxh5+ Qf7 17. Qxf7+ Kxf7 18. g4 Ne7 19. Nd2 Bd7 20. Nf3 h6 21. Be3 Rag8 22. Bxa7 b6 23. Bxb6 Rb8 24. Bc5 Rxb2 25. Rh2 Rhb8 26. Bb4 Ra8 27. O-O-O Rxc2+ 28. Rxc2 Ba4 29. Nd4 Bxc2 30. Kxc2 Rg8 31. Bxe7 Kxe7 32. Rb1 Bf8 33. Rb7+ Ke8 34. Nxe6 Rxg4 35. f5 1-0

[Event "Shanghai COITCT 2019"]
[Site "Shanghai"]
[Date "2019.09.15"]
[Round "1.5"]
[White "Zairbek kyzy, Begimai"]
[Black "Darini, Pouria"]
[Result "0-1"]
[ECO "B22"]
[WhiteElo "1989"]
[BlackElo "2428"]
[Annotator "ChessBase"]
[PlyCount "46"]
[EventDate "2019.09.15"]
[EventType "team-tourn"]
[EventCountry "CHN"]
[SourceTitle "playchess.com"]
[Source "ChessBase"]
[SourceQuality "1"]
[TimeControl "1500+10"]

1. e4 c5 2. d4 cxd4 3. c3 Nf6 4. e5 Nd5 5. f4 e6 6. cxd4 Bb4+ 7. Bd2 Qb6 8. Ne2 Nc6 9. a3 Ne3 10. Qa4 Bxd2+ 11. Nxd2 Qxb2 12. Rb1 Qc2 13. Qb5 O-O 14. Rc1 Nxd4 15. Qa5 Qd3 16. Nxd4 Qxd4 17. Qb4 Qxb4 18. axb4 d6 19. exd6 Rd8 20. Kf2 Nd5 21. Rc4 Rxd6 22. h4 Bd7 23. Ne4 Rb6 0-1

[Event "Shanghai COITCT 2019"]
[Site "Shanghai"]
[Date "2019.09.15"]
[Round "1.7"]
[White "Venkatesh, M.R."]
[Black "Xu, Zhihang"]
[Result "0-1"]
[ECO "B23"]
[WhiteElo "2481"]
[BlackElo "2506"]
[Annotator "ChessBase"]
[PlyCount "94"]
[EventDate "2019.09.15"]
[EventType "team-tourn"]
[EventCountry "CHN"]
[SourceTitle "playchess.com"]
[Source "ChessBase"]
[SourceQuality "1"]
[TimeControl "1500+10"]

1. e4 c5 2. Nc3 Nc6 3. Bb5 Nd4 4. Nf3 Nxb5 5. Nxb5 g6 6. d4 Bg7 7. O-O cxd4 8. Nfxd4 d6 9. c4 Nf6 10. Nc3 O-O 11. f3 Bd7 12. Be3 Qa5 13. Rc1 Rfc8 14. Nb3 Qd8 15. Qe2 a6 16. a4 Qe8 17. a5 Be6 18. Nd2 Nd7 19. Na4 Rab8 20. b3 b5 21. axb6 Nc5 22. Nxc5 dxc5 23. b4 cxb4 24. c5 Qa4 25. f4 Bd7 26. e5 Bb5 27. Qd1 Qa3 28. Rf3 Qd3 29. Qb3 Rxb6 30. Qxd3 Bxd3 31. cxb6 Rxc1+ 32. Kf2 Rc8 33. Bc5 Rxc5 34. Rxd3 Rb5 35. Rd8+ Bf8 36. Nc4 b3 37. Rd2 e6 38. Ke2 a5 39. Kd1 a4 40. Kc1 a3 41. Kb1 Bc5 42. Rd8+ Kg7 43. Rd7 a2+ 44. Kb2 Bxb6 45. Rd1 Bc5 46. Kc3 Bd4+ 47. Kxd4 Rd5+ 0-1

[Event "Shanghai COITCT 2019"]
[Site "Shanghai"]
[Date "2019.09.15"]
[Round "1.8"]
[White "Ma, Zhonghan"]
[Black "Krishna C R G"]
[Result "1/2-1/2"]
[ECO "D12"]
[WhiteElo "2485"]
[BlackElo "2446"]
[Annotator "ChessBase"]
[PlyCount "81"]
[EventDate "2019.09.15"]
[EventType "team-tourn"]
[EventCountry "CHN"]
[SourceTitle "playchess.com"]
[Source "ChessBase"]
[SourceQuality "1"]
[TimeControl "1500+10"]

1. Nf3 d5 2. d4 Nf6 3. c4 c6 4. e3 Bf5 5. cxd5 cxd5 6. Qb3 Qc7 7. Bd2 Nc6 8. Bb5 e6 9. O-O Bd6 10. Bb4 O-O 11. Bxc6 bxc6 12. Nbd2 Bxb4 13. Qxb4 Rab8 14. Qa3 Qb6 15. b3 Rfc8 16. Rfc1 Nd7 17. Rc3 a5 18. Rac1 Rb7 19. Qd6 Rbc7 20. Ne5 Nxe5 21. dxe5 Bg4 22. h3 Be2 23. Qc5 Qa6 24. a4 h6 25. Qd4 Rb7 26. Rc5 Rb4 27. Qc3 Qb6 28. Rxc6 Rxc6 29. Qxc6 Qxc6 30. Rxc6 Bd1 31. Rc3 d4 32. Rd3 dxe3 33. fxe3 Rb8 34. Rc3 Rd8 35. Nf3 Bxf3 36. gxf3 Rd2 37. Rc5 Rd3 38. Rxa5 Rxb3 39. Kf2 Ra3 40. Ra7 g5 41. a5 1/2-1/2

[Event "Shanghai COITCT 2019"]
[Site "Shanghai"]
[Date "2019.09.15"]
[Round "1.9"]
[White "Kulkarni Bhakti"]
[Black "Mu, Ke"]
[Result "1/2-1/2"]
[ECO "D46"]
[WhiteElo "2429"]
[BlackElo "2414"]
[Annotator "ChessBase"]
[PlyCount "50"]
[EventDate "2019.09.15"]
[EventType "team-tourn"]
[EventCountry "CHN"]
[SourceTitle "playchess.com"]
[Source "ChessBase"]
[SourceQuality "1"]
[TimeControl "1500+10"]

1. d4 Nf6 2. Nf3 d5 3. c4 c6 4. e3 e6 5. Nc3 Nbd7 6. Qc2 Bd6 7. Bd3 O-O 8. O-O dxc4 9. Bxc4 b5 10. Bd3 Bb7 11. a3 Rc8 12. b4 a5 13. Rb1 axb4 14. axb4 c5 15. bxc5 Bxf3 16. gxf3 Nxc5 17. dxc5 Rxc5 18. Rxb5 Nd5 19. Rxc5 Qg5+ 20. Kh1 Qh5 21. f4 Qf3+ 22. Kg1 Qg4+ 23. Kh1 Qf3+ 24. Kg1 Qg4+ 25. Kh1 Qf3+ 1/2-1/2

[Event "Shanghai COITCT 2019"]
[Site "Shanghai"]
[Date "2019.09.15"]
[Round "1.10"]
[White "Nigmatov, Ortik"]
[Black "Zvjaginsev, Vadim"]
[Result "1/2-1/2"]
[ECO "C66"]
[WhiteElo "2482"]
[BlackElo "2644"]
[Annotator "ChessBase"]
[PlyCount "38"]
[EventDate "2019.09.15"]
[EventType "team-tourn"]
[EventCountry "CHN"]
[SourceTitle "playchess.com"]
[Source "ChessBase"]
[SourceQuality "1"]
[TimeControl "1500+10"]

1. e4 e5 2. Nf3 Nc6 3. Bb5 Nf6 4. Bxc6 bxc6 5. O-O d6 6. d4 exd4 7. Qxd4 c5 8. Qd3 Be7 9. e5 dxe5 10. Qxd8+ Bxd8 11. Nxe5 O-O 12. Nc3 Re8 13. Nc6 Bf5 14. Be3 Bxc2 15. Bxc5 Ne4 16. Rfc1 Bd3 17. Nxe4 Bxe4 18. Nxd8 Rexd8 19. Be3 c6 1/2-1/2

[Event "Shanghai COITCT 2019"]
[Site "Shanghai"]
[Date "2019.09.15"]
[Round "1.11"]
[White "Kobalia, Mikhail"]
[Black "Kurbonboeva, Sarvinoz"]
[Result "1/2-1/2"]
[ECO "B76"]
[WhiteElo "2608"]
[BlackElo "2262"]
[Annotator "ChessBase"]
[PlyCount "66"]
[EventDate "2019.09.15"]
[EventType "team-tourn"]
[EventCountry "CHN"]
[SourceTitle "playchess.com"]
[Source "ChessBase"]
[SourceQuality "1"]
[TimeControl "1500+10"]

1. e4 c5 2. Nf3 d6 3. d4 cxd4 4. Nxd4 Nf6 5. Nc3 g6 6. Be3 Bg7 7. f3 O-O 8. Qd2 Nc6 9. g4 Be6 10. O-O-O Nxd4 11. Bxd4 Qa5 12. a3 Rab8 13. h4 b5 14. Nd5 Qxd2+ 15. Rxd2 Bxd5 16. exd5 a5 17. Kb1 Nd7 18. Bxg7 Kxg7 19. g5 h5 20. Bh3 Nc5 21. Re1 b4 22. a4 Nxa4 23. Rxe7 Rfe8 24. Rde2 Kf8 25. Rxe8+ Rxe8 26. Rxe8+ Kxe8 27. Ka2 Nc5 28. Bf1 Ke7 29. Be2 f5 30. Bb5 Kd8 31. Bc6 Ke7 32. Bb5 Kd8 33. Bc6 Ke7 1/2-1/2

[Event "Shanghai COITCT 2019"]
[Site "Shanghai"]
[Date "2019.09.15"]
[Round "1.12"]
[White "Baymuratova, Sevara"]
[Black "Murzin, Volodar"]
[Result "0-1"]
[ECO "E95"]
[WhiteElo "2126"]
[BlackElo "2433"]
[Annotator "ChessBase"]
[PlyCount "95"]
[EventDate "2019.09.15"]
[EventType "team-tourn"]
[EventCountry "CHN"]
[SourceTitle "playchess.com"]
[Source "ChessBase"]
[SourceQuality "1"]
[TimeControl "1500+10"]

1. d4 Nf6 2. c4 g6 3. Nc3 Bg7 4. e4 O-O 5. Nf3 d6 6. Be2 Nbd7 7. O-O e5 8. Re1 a6 9. Bf1 Re8 10. dxe5 dxe5 11. Bg5 h6 12. Bh4 c6 13. Qc2 Qe7 14. Rad1 Nf8 15. Na4 Bg4 16. Be2 Bxf3 17. Bxf3 Ne6 18. c5 Nd4 19. Qb1 Qe6 20. Nb6 Rad8 21. Be2 g5 22. Bg3 Nxe2+ 23. Rxe2 Qxa2 24. Qc1 Rd4 25. Rxd4 exd4 26. f3 Nd5 27. Rd2 Nxb6 28. cxb6 Rd8 29. h4 d3 30. hxg5 hxg5 31. Bf2 Qb3 32. Qc5 Bf6 33. Qf5 Qe6 34. Qa5 Be7 35. Be3 g4 36. Qh5 Qg6 37. fxg4 Qxe4 38. Rf2 Qg6 39. Qe5 Qe6 40. Qf4 Rd5 41. Bd4 Bg5 42. Qb8+ Rd8 43. Qxb7 d2 44. Rf1 Rxd4 45. Qa8+ Kg7 46. b7 d1=Q 47. Qa7 a5 48. Qa6 0-1

[Event "Shanghai COITCT 2019"]
[Site "Shanghai"]
[Date "2019.09.15"]
[Round "1.13"]
[White "Xu, Yinglun"]
[Black "Lodhi, Mahmood"]
[Result "1-0"]
[ECO "D30"]
[WhiteElo "2565"]
[BlackElo "2349"]
[Annotator "ChessBase"]
[PlyCount "97"]
[EventDate "2019.09.15"]
[EventType "team-tourn"]
[EventCountry "CHN"]
[SourceTitle "playchess.com"]
[Source "ChessBase"]
[SourceQuality "1"]
[TimeControl "1500+10"]

1. d4 d5 2. c4 c6 3. Nc3 Nf6 4. e3 e6 5. Nf3 Bd6 6. Bd3 O-O 7. O-O Nbd7 8. e4 dxe4 9. Nxe4 Nxe4 10. Bxe4 Nf6 11. Bc2 h6 12. b3 b6 13. Bb2 Bb7 14. Qd3 Re8 15. Rfe1 g6 16. Rad1 Bf8 17. Ne5 Bg7 18. Qh3 Nh7 19. Bc1 Ng5 20. Qg3 Qe7 21. f4 Nh7 22. f5 gxf5 23. Bxh6 Qf6 24. Bf4 Rad8 25. b4 Kh8 26. c5 Rg8 27. Qh4 Rdf8 28. Qh5 Qe7 29. Rd3 Bxe5 30. Bxe5+ f6 31. Bd6 Qe8 32. Qh3 Rf7 33. Rde3 Bc8 34. Bxf5 Rfg7 35. g3 e5 36. Bxc8 Qxc8 37. Qxc8 Rxc8 38. dxe5 Kg8 39. e6 Rb7 40. h4 b5 41. Ra3 Kg7 42. Ra6 f5 43. Re5 Kg6 44. Ra3 Re8 45. Rf3 a5 46. a3 axb4 47. axb4 Ra7 48. Rfxf5 Rxe6 49. h5+ 1-0

[Event "Shanghai COITCT 2019"]
[Site "Shanghai"]
[Date "2019.09.15"]
[Round "1.14"]
[White "Khan, Mohd. Omer"]
[Black "Bai, Jinshi"]
[Result "0-1"]
[ECO "B13"]
[WhiteElo "2273"]
[BlackElo "2591"]
[Annotator "ChessBase"]
[PlyCount "58"]
[EventDate "2019.09.15"]
[EventType "team-tourn"]
[EventCountry "CHN"]
[SourceTitle "playchess.com"]
[Source "ChessBase"]
[SourceQuality "1"]
[TimeControl "1500+10"]

1. e4 c6 2. Nf3 d5 3. exd5 cxd5 4. d4 Nc6 5. Be2 Bf5 6. a3 e6 7. Nc3 Nf6 8. Bg5 Be7 9. O-O h6 10. Bh4 O-O 11. Bd3 Bg4 12. Be2 Bxf3 13. Bxf3 Qb6 14. Ne2 Qxb2 15. Rb1 Qxa3 16. Rxb7 Na5 17. Rb1 Nc4 18. Rb3 Qd6 19. Bg3 Qc6 20. Nc1 Ne4 21. Be2 Ncd2 22. Bd3 Nxf1 23. Bxf1 Rfc8 24. Bd3 a5 25. Bb5 Qxc2 26. Qxc2 Rxc2 27. Rb1 Nc3 28. Bd3 Nxb1 29. Bxc2 Rc8 0-1

[Event "Shanghai COITCT 2019"]
[Site "Shanghai"]
[Date "2019.09.15"]
[Round "2.3"]
[White "Antonova, Nadezhda"]
[Black "Waqar, Ahmad Madni"]
[Result "0-1"]
[ECO "A46"]
[WhiteElo "1930"]
[BlackElo "1979"]
[Annotator "NA"]
[PlyCount "67"]
[EventDate "2019.09.15"]
[EventType "team-tourn"]
[EventCountry "CHN"]
[SourceTitle "playchess.com"]
[Source "ChessBase"]
[SourceQuality "1"]
[TimeControl "1500+10"]

1. d4 Nf6 2. Nf3 e6 3. e3 c5 4. Bd3 cxd4 5. exd4 d5 6. O-O Bd6 7. c3 Nbd7 8. Bg5 Qc7 9. Qe2 b6 10. Nbd2 Bb7 11. Rae1 O-O 12. Ne5 Rae8 13. f4 h6 14. Bh4 Be7 15. Bg3 Bd6 16. h3 a6 17. a4 Nh7 18. Bxa6 f5 19. Bb5 Nhf6 20. Bh4 Bxe5 21. fxe5 Ne4 22. Nxe4 dxe4 23. g4 f4 24. g5 hxg5 25. Bxg5 f3 26. Qe3 Rf5 27. Kf2 Bc6 28. Rg1 Bxb5 29. axb5 Nxe5 30. dxe5 Qxe5 31. h4 Qxb5 32. Rb1 Qe5 33. Qd4 Qh2+ 34. Ke3 0-1

[Event "Shanghai COITCT 2019"]
[Site "Shanghai"]
[Date "2019.09.15"]
[Round "2.4"]
[White "Zvjaginsev, Vadim"]
[Black "Xu, Yinglun"]
[Result "1-0"]
[ECO "C07"]
[WhiteElo "2644"]
[BlackElo "2565"]
[Annotator "ChessBase"]
[PlyCount "99"]
[EventDate "2019.09.15"]
[EventType "team-tourn"]
[EventCountry "CHN"]
[SourceTitle "playchess.com"]
[Source "ChessBase"]
[SourceQuality "1"]
[TimeControl "1500+10"]

1. e4 e6 2. d4 d5 3. Nd2 c5 4. exd5 Qxd5 5. Ngf3 cxd4 6. Bc4 Qd6 7. O-O Nf6 8. Nb3 Nc6 9. Bg5 Be7 10. Nbxd4 Nxd4 11. Qxd4 Qxd4 12. Nxd4 Bd7 13. Rfe1 Rc8 14. Bf1 Nd5 15. Bxe7 Nxe7 16. Rad1 Rc7 17. c4 a6 18. f4 g6 19. b3 Nc6 20. Ne2 Ne7 21. Nc3 Bc6 22. b4 O-O 23. a4 b6 24. b5 Bb7 25. a5 Nc8 26. Na4 axb5 27. axb6 Re7 28. cxb5 Bd5 29. Rc1 Bb3 30. b7 Nd6 31. Nc5 Bd5 32. Rcd1 Nxb7 33. Rxd5 exd5 34. Rxe7 Nxc5 35. Re5 Rd8 36. g3 Na4 37. Kf2 Kf8 38. Ke3 d4+ 39. Kd2 Rd6 40. Bc4 f6 41. Rd5 Nb6 42. Rc5 Ke7 43. Kd3 Kd7 44. Bb3 f5 45. Re5 h6 46. Rc5 h5 47. h4 Na8 48. Rd5 Nc7 49. Rxd6+ Kxd6 50. b6 {[%emt 0:00:01] Kd5 Ke4+} 1-0

[Event "Shanghai COITCT 2019"]
[Site "Shanghai"]
[Date "2019.09.15"]
[Round "2.5"]
[White "Bai, Jinshi"]
[Black "Kobalia, Mikhail"]
[Result "1/2-1/2"]
[ECO "A07"]
[WhiteElo "2591"]
[BlackElo "2608"]
[Annotator "ChessBase"]
[PlyCount "95"]
[EventDate "2019.09.15"]
[EventType "team-tourn"]
[EventCountry "CHN"]
[SourceTitle "playchess.com"]
[Source "ChessBase"]
[SourceQuality "1"]
[TimeControl "1500+10"]

1. Nf3 d5 2. g3 c6 3. Bg2 Bg4 4. O-O Nf6 5. d3 Nbd7 6. h3 Bh5 7. c4 Bxf3 8. Bxf3 dxc4 9. dxc4 Ne5 10. Nd2 Nxf3+ 11. Nxf3 Qxd1 12. Rxd1 g6 13. Be3 Bg7 14. Rd3 O-O 15. Rad1 Rfe8 16. g4 b5 17. Rc1 a6 18. Ne5 Rac8 19. cxb5 cxb5 20. Nc6 Rc7 21. f3 e6 22. Bf4 e5 23. Bg5 h6 24. Bxf6 Bxf6 25. e4 Re6 26. Rdc3 Bg5 27. R1c2 Rd6 28. Nb4 Rxc3 29. bxc3 Kf8 30. Nd5 Rc6 31. Kf1 Ke8 32. Ke2 Kd7 33. Kd3 Kd6 34. Nb4 Rb6 35. Nd5 Rc6 36. c4 Rc5 37. Rc3 bxc4+ 38. Rxc4 Rb5 39. Ra4 a5 40. Nc3 Rb2 41. Rxa5 Rf2 42. Rd5+ Kc6 43. Kc4 Rxf3 44. Rc5+ Kb7 45. Rb5+ Kc6 46. Rc5+ Kb7 47. Rb5+ Kc6 48. Rc5+ 1/2-1/2

[Event "Shanghai COITCT 2019"]
[Site "Shanghai"]
[Date "2019.09.15"]
[Round "2.6"]
[White "Murzin, Volodar"]
[Black "Wen, Yang"]
[Result "1/2-1/2"]
[ECO "C77"]
[WhiteElo "2433"]
[BlackElo "2586"]
[Annotator "ChessBase"]
[PlyCount "94"]
[EventDate "2019.09.15"]
[EventType "team-tourn"]
[EventCountry "CHN"]
[SourceTitle "playchess.com"]
[Source "ChessBase"]
[SourceQuality "1"]
[TimeControl "1500+10"]

1. e4 e5 2. Nf3 Nc6 3. Bb5 a6 4. Ba4 d6 5. O-O Bd7 6. c3 g6 7. d3 Bg7 8. Nbd2 Nf6 9. Re1 O-O 10. Nf1 Kh8 11. h3 Qe8 12. Bc2 Nh5 13. d4 f5 14. dxe5 dxe5 15. Ne3 Nf4 16. Nc4 Rd8 17. Bxf4 exf4 18. exf5 Qf7 19. Qe2 Bxf5 20. Bxf5 Qxf5 21. Ncd2 Rd7 22. Nb3 Re7 23. Qf1 Rfe8 24. Rxe7 Rxe7 25. Re1 Bf6 26. Rxe7 Bxe7 27. Nbd4 Nxd4 28. Nxd4 Qe4 29. Qe2 Qxe2 30. Nxe2 Bd6 31. Kf1 Kg7 32. Nd4 Kf6 33. Ke2 Bc5 34. Nb3 Bb6 35. Nd2 Kf5 36. a4 g5 37. f3 Be3 38. g4+ Ke6 39. Ne4 h6 40. Kd3 b5 41. axb5 axb5 42. c4 b4 43. c5 Kd5 44. b3 Bxc5 45. Nd2 Bd4 46. Nc4 Bc3 47. Na5 Bf6 1/2-1/2

[Event "Shanghai COITCT 2019"]
[Site "Shanghai"]
[Date "2019.09.15"]
[Round "2.7"]
[White "Xu, Zhihang"]
[Black "Nigmatov, Ortik"]
[Result "1-0"]
[ECO "E62"]
[WhiteElo "2506"]
[BlackElo "2482"]
[Annotator "ChessBase"]
[PlyCount "81"]
[EventDate "2019.09.15"]
[EventType "team-tourn"]
[EventCountry "CHN"]
[SourceTitle "playchess.com"]
[Source "ChessBase"]
[SourceQuality "1"]
[TimeControl "1500+10"]

1. c4 Nf6 2. Nc3 g6 3. g3 Bg7 4. Bg2 O-O 5. d4 d6 6. Nf3 Nc6 7. O-O e5 8. d5 Nb8 9. Ne1 a5 10. Nd3 Na6 11. a3 Nd7 12. e4 Nac5 13. Be3 b6 14. Nxc5 bxc5 15. a4 f5 16. Qd2 Nb6 17. Qd3 f4 18. Bd2 f3 19. Bh1 g5 20. Bxf3 Nxc4 21. Bg2 Nxd2 22. Qxd2 Bd7 23. Ra3 g4 24. Nb5 Qb8 25. Rb3 Rf6 26. Qe2 Qd8 27. f3 gxf3 28. Bxf3 Rb8 29. Bg4 c4 30. Rxf6 Qxf6 31. Rc3 Bxb5 32. axb5 Rxb5 33. Rxc4 Rb7 34. Kg2 Kh8 35. Bc8 Ra7 36. Rc3 Qe7 37. Qb5 Qd8 38. Qb8 Ra6 39. Rxc7 a4 40. Rxg7 a3 41. Qb7 1-0

[Event "Shanghai COITCT 2019"]
[Site "Shanghai"]
[Date "2019.09.15"]
[Round "2.15"]
[White "Zarubitski, Viachaslau"]
[Black "Gholami, Aryan"]
[Result "0-1"]
[ECO "B22"]
[WhiteElo "2435"]
[BlackElo "2542"]
[Annotator "RC"]
[PlyCount "144"]
[EventDate "2019.09.15"]
[EventType "team-tourn"]
[EventCountry "CHN"]
[SourceTitle "playchess.com"]
[Source "ChessBase"]
[SourceQuality "1"]
[TimeControl "1500+10"]

1. e4 c5 2. Nf3 e6 3. c3 Nf6 4. e5 Nd5 5. d4 cxd4 6. cxd4 d6 7. Bc4 Nb6 8. Bd3 dxe5 9. dxe5 Na6 10. O-O Nc5 11. Be2 Nd5 12. Qd4 Bd7 13. Nc3 Nxc3 14. Qxc3 Be7 15. Be3 Rc8 16. Rfd1 O-O 17. Qb4 Qc7 18. Rac1 Rfd8 19. Qa3 a5 20. b4 axb4 21. Qxb4 b6 22. Rb1 Rb8 23. Bb5 Bc8 24. Rxd8+ Qxd8 25. Nd4 Bb7 26. Bc6 Bc8 27. Bb5 Bd7 28. Bxd7 Qxd7 29. Qb5 Bf8 30. Qc6 Qa7 31. Rb2 Nd3 32. Re2 Qa6 33. Qe4 Nb4 34. Qb1 Nd5 35. Qb5 Qa3 36. Qb3 Ra8 37. h3 h6 38. Nb5 Qxb3 39. axb3 Ra1+ 40. Kh2 Rb1 41. Bd4 Rxb3 42. Rb2 Rd3 43. Rc2 Rb3 44. Rb2 Rxb2 45. Bxb2 Bc5 46. Kg3 Nb4 47. f4 Nd3 48. Bc3 Kh7 49. Kf3 g5 50. fxg5 hxg5 51. g3 Kg6 52. g4 Nf2 53. Kg3 Ne4+ 54. Kf3 Nxc3 55. Nxc3 Bd4 56. Nb5 Bxe5 57. Ke4 Bh2 58. Nd4 Kf6 59. Nf3 Bg3 60. Kd4 Bf4 61. Kc4 Ke7 62. Kb5 Be3 63. Kc6 f6 64. Ne1 f5 65. Nc2 Bc5 66. Ne1 Kf6 67. Nf3 e5 68. Kd5 e4 69. Ne1 Bf2 70. Nc2 b5 71. h4 gxh4 72. gxf5 Kxf5 {[%emt 0:00:02] Kd4} 0-1

[Event "Shanghai COITCT 2019"]
[Site "Shanghai"]
[Date "2019.09.15"]
[Round "3.3"]
[White "Gholami, Aryan"]
[Black "Antonova, Nadezhda"]
[Result "1-0"]
[ECO "A30"]
[WhiteElo "2542"]
[BlackElo "1930"]
[Annotator "RC"]
[PlyCount "65"]
[EventDate "2019.09.15"]
[EventType "team-tourn"]
[EventCountry "CHN"]
[SourceTitle "playchess.com"]
[Source "ChessBase"]
[SourceQuality "1"]
[TimeControl "1500+10"]

1. Nf3 Nf6 2. g3 b6 3. Bg2 Bb7 4. O-O c5 5. c4 e6 6. Nc3 d5 7. cxd5 Nxd5 8. d4 Be7 9. dxc5 Nxc3 10. Qxd8+ Bxd8 11. bxc3 bxc5 12. Bf4 Nd7 13. Rfd1 Bc6 14. Bd6 Rc8 15. Nd2 Be7 16. Nc4 Bxg2 17. Kxg2 Nb6 18. Na5 Nd5 19. c4 Nc3 20. Rd3 Bxd6 21. Rxd6 Nxe2 22. Rb1 O-O 23. Rb7 Nc3 24. Ra6 Nxa2 25. Nc6 Nb4 26. Ne7+ Kh8 27. Raxa7 Nc6 28. Nxc8 Rxc8 29. Ra6 Ne5 30. Rc7 Rb8 31. Rxc5 Nd3 32. Rc7 Rf8 33. Rxf7 1-0

[Event "Shanghai COITCT 2019"]
[Site "Shanghai"]
[Date "2019.09.16"]
[Round "4.4"]
[White "Xu, Zhihang"]
[Black "Lodhi, Mahmood"]
[Result "1-0"]
[ECO "A29"]
[WhiteElo "2506"]
[BlackElo "2349"]
[Annotator "RC"]
[PlyCount "93"]
[EventDate "2019.09.15"]
[EventType "team-tourn"]
[EventCountry "CHN"]
[SourceTitle "playchess.com"]
[Source "ChessBase"]
[SourceQuality "1"]
[TimeControl "1500+10"]

1. c4 e5 2. Nc3 Nf6 3. g3 d5 4. cxd5 Nxd5 5. Bg2 Be6 6. Nf3 Nc6 7. Ng5 Nxc3 8. Nxe6 Nxd1 9. Nxd8 Nxd8 10. Kxd1 Bc5 11. f4 f6 12. Rf1 c6 13. e3 Nf7 14. b4 Bb6 15. Bb2 Rd8 16. Kc2 Ke7 17. Bc3 Rd7 18. a4 a6 19. Bh3 Rd5 20. fxe5 Nxe5 21. Bg2 Rd7 22. Rf4 Rhd8 23. Raf1 Ng6 24. Re4+ Kf7 25. h4 Ne7 26. Ref4 Nd5 27. Bxd5+ Rxd5 28. e4 Rd3 29. g4 Bc7 30. Rf5 Ke6 31. g5 fxg5 32. hxg5 R3d7 33. Rh1 Rh8 34. b5 axb5 35. axb5 Bb6 36. Re5+ Kd6 37. Kb3 Kc7 38. Kc4 g6 39. Re6 cxb5+ 40. Kxb5 Bd4 41. Bb4 b6 42. Rc6+ Kb7 43. Rd6 Rxd6 44. Bxd6 Kc8 45. Kc6 Kd8 46. e5 Ke8 47. e6 1-0